 Dungeon Crawl Stone Soup version 0.26-a0-712-ga5a9c9c9d0 (webtiles) character file.

Game seed: 17386164816570498306

131 lorenzova the Conjurer (level 4, -13/24 HPs)
             Began as a Deep Elf Conjurer on Nov 2, 2020.
             Shot with an arrow by a centaur (15 damage)
             ... on level 3 of the Dungeon.
             The game lasted 00:04:09 (2581 turns).

lorenzova the Conjurer (Deep Elf Conjurer)          Turns: 2581, Time: 00:04:10

Health: -13/24     AC:  4    Str:  4    XL:     4   Next: 91%
Magic:  10/13      EV: 13    Int: 24    God:
Gold:   105        SH:  0    Dex: 13    Spells: 10/13 levels left

rFire    . . .     SeeInvis .   (no weapon)
rCold    . . .     Faith    .   (no shield)
rNeg     . . .     Spirit   .   i - +2 animal skin
rPois    .         Reflect  .   (no helmet)
rElec    .         Harm     .   (no cloak)
rCorr    .         Rampage  .   (no gloves)
MR       +....                  (no boots)
Stlth    ++........             (no amulet)
HPRegen  0.08/turn              k - ring of protection from magic
MPRegen  0.13/turn              (no ring)

@: no status effects
A: no striking features
a: no special abilities


You were on level 3 of the Dungeon.
You visited 1 branch of the dungeon, and saw 3 of its levels.

You collected 105 gold pieces.

Inventory:

Armour
 a - a +0 robe
 i - a +2 animal skin (worn)
 j - a +0 helmet
Jewellery
 k - a ring of protection from magic (left hand)
Scrolls
 e - 2 scrolls of teleportation
 f - a scroll of amnesia
 m - a scroll of fear {unknown}
Potions
 h - 2 potions of cancellation
 l - a potion of flight


   Skills:
 - Level 2.4 Dodging
 - Level 2.4 Stealth
 + Level 5.3 Spellcasting
 + Level 5.7 Conjurations


You had 10 spell levels left.
You knew the following spells:

 Your Spells              Type           Power        Failure   Level
a - Magic Dart            Conj           ####         1%          1
b - Searing Ray           Conj           ####..       1%          2

Your spell library contained the following spells:

 Spells                   Type           Power        Failure   Level
 Dazzling Flash           Conj/Hex       ###...       8%          3
 Fulminant Prism          Conj/Hex       ###.......   26%         4
 Iskenderun's Mystic Bla  Conj/Tloc      ###.....     26%         4


Dungeon Overview and Level Annotations

Branches:
Dungeon (3/15)

Altars:
Xom


Message History

The centaur shoots an arrow.
The arrow hits you.
You see here an arrow.
You start resting.
A centaur is nearby!
Casting: Magic Dart (safe; 1% risk of failure)
Confirm with . or Enter, or press ? or * to list all spells.
Aiming: Searing Ray (safe; 1% risk of failure)
Press: ? - help, Shift-Dir - straight line, f - centaur
Aim: a centaur, wielding a +0 shortbow and quivering 12 arrows The searing ray hits the centaur!
The centaur is heavily wounded. (Press . to maintain the ray.)
The centaur shoots an arrow.
The arrow misses you.
The searing ray misses the centaur.
The centaur shoots an arrow.
The arrow hits you!
Ouch! That really hurt!
* * * LOW HITPOINT WARNING * * *
The centaur shoots an arrow.
The arrow hits you!
Ouch! That really hurt!
You die...

########### #...>.#...
..... #.......###
#....c.
######..........
..(....
.......<........
.(.....
##.........#####
.†#..#.
#.#####.....(@##.......
#######.(c.......
###(.##### #....##
#..##$# #. #.# .. ..#
.. ### .


You could see a centaur.

Vanquished Creatures
  Jessica (D:2)
  Robin (D:2)
  3 adders
  A worm (D:2)
  2 dart slugs
  A leopard gecko (D:1)
  9 bats
  A giant cockroach (D:1)
  15 goblins
  4 hobgoblins
  6 jackals
  3 ball pythons
  A frilled lizard (D:1)
  6 kobolds
  A rat (D:2)
55 creatures vanquished.

Notes
Turn   | Place    | Note
-------+----------+-------------------------------------------
     0 | D:1      | lorenzova the Deep Elf Conjurer began the quest for the
                  | Orb.
     0 | D:1      | Reached XP level 1. HP: 10/10 MP: 6/6
   247 | D:1      | Reached XP level 2. HP: 5/15 MP: 1/8
   609 | D:1      | Found a shimmering altar of Xom.
  1086 | D:2      | Noticed Robin
  1148 | D:2      | Reached skill level 5 in Conjurations
  1148 | D:2      | Reached XP level 3. HP: 11/19 MP: 4/10
  1573 | D:1      | Learned a level 2 spell: Searing Ray
  1644 | D:2      | Killed Robin
  1644 | D:2      | Reached XP level 4. HP: 24/24 MP: 7/12
  1821 | D:2      | Noticed Jessica
  1824 | D:2      | Killed Jessica
  1824 | D:2      | Reached skill level 5 in Spellcasting
  2557 | D:3      | Noticed a centaur
  2581 | D:3      | Shot with an arrow by a centaur

Illustrated notes

Levels and vault maps discovered:
D:1:      lemuel_arrival_broad_hall, layout_basic, xom_teletrap_fun
D:2:      layout_basic, uniq_robin, uniq_jessica
D:3:      layout_rooms, gammafunk_ghost_icy, kennysheep_generic_room_8,
          uniq_ijyb

Skill      XL: |  1  2  3  4 |
---------------+-------------+-----
Spellcasting   | 4 5 |  5.3
Conjurations   | 5 |  5.7
Dodging        | |  2.4
Stealth        | |  2.4

Action                   |  1- 3 |  4- 6 || total
-------------------------+-------+-------++-------
 Cast: Magic Dart        |    72 |    28 ||   100
       Searing Ray       |     1 |     2 ||     3
  Use: Scroll            |       |     7 ||     7
Dodge: Dodged            |     2 |     2 ||     4

Table legend: (Time is in decaauts)
 A = Elapsed time spent in this place.
 B = Non-inter-level travel time spent in this place.
 C = Inter-level travel time spent in this place.
 D = Time resting spent in this place.
 E = Time spent auto-exploring this place.
 F = Levels seen in this place.
 G = Mean time per level.
                   A        B        C        D        E       F      G
               +--------+--------+--------+--------+--------+-----+--------+
         Total |   2582 |   2493 |     89 |   1141 |   1134 |   3 |  860.7 |
       Dungeon |   2582 |   2493 |     89 |   1141 |   1134 |   3 |  860.7 |
               +--------+--------+--------+--------+--------+-----+--------+

Top non-repeatable levels by time:
     D:2: 1325 daAuts
     D:1: 1216 daAuts
     D:3: 40 daAuts
